TOP OF THE 1ST |
Bowie Baysox batting - Pitching for Chattanooga Lookouts : RHP Brian Bright
|
Pitching: RHP Brian Bright
|
|
Batting: LHB Tsutomu Miyahara
|
0-0: Swinging Strike 0-1: Ball 1-1: Foul Ball, location: 2F 1-2: Strikes out swinging
|
Batting: LHB Ben Goldstein
|
0-0: Ball 1-0: Swinging Strike 1-1: Foul Ball, location: 2F 1-2: Strikes out looking
|
Batting: RHB Muneer Maudad
|
0-0: Called Strike 0-1: Ball 1-1: Ball 2-1: Called Strike 2-2: SINGLE (Groundball, 34D, EV 98.8 MPH)
|
Batting: LHB Jose Chinchilla
|
0-0: Foul Ball, location: 2F 0-1: Ball 1-1: Swinging Strike 1-2: Fly out, F8 (Flyball, 8LXD, EV 103.1 MPH)
|
Top of the 1st over - 0 runs, 1 hit, 0 errors, 1 left on base; Bowie 0 - Chattanooga 0 |
BOTTOM OF THE 1ST |
Chattanooga Lookouts batting - Pitching for Bowie Baysox : RHP Sam Wilson
|
Pitching: RHP Sam Wilson
|
|
Batting: RHB Miguel Gonzalez
|
0-0: Ball 1-0: Swinging Strike 1-1: Foul Ball, location: 2F 1-2: Foul Ball, location: 2F 1-2: Foul Ball, location: 2F 1-2: Foul Ball, location: 2F 1-2: Ball 2-2: Ball 3-2: Foul Ball, location: 2F 3-2: Ground out U3 (Groundball, 34, EV 102.5 MPH)
|
Batting: RHB Cyril Husson
|
0-0: Ball 1-0: Ball 2-0: Called Strike 2-1: Ball 3-1: Foul Ball, location: 2F 3-2: Fly out, F2 (Popup, 2RF, EV 85.6 MPH)
|
Batting: SHB Dan Morataya
|
0-0: Foul Ball, location: 2F 0-1: Called Strike 0-2: Ball 1-2: Foul Ball, location: 2F 1-2: SINGLE (Line Drive, 34D, EV 103.8 MPH)
|
Batting: SHB Ian Thompson
|
0-0: Ball Dan Morataya steals 2nd base 1-0: Called Strike 1-1: Foul Ball, location: 2F 1-2: Ball 2-2: Ball 3-2: Base on Balls
|
Batting: RHB Steve Raine
|
0-0: Foul Ball, location: 2F 0-1: Ball 1-1: Fly out, F9 (Flyball, 89M, EV 84.4 MPH)
|
Bottom of the 1st over - 0 runs, 1 hit, 0 errors, 2 left on base; Bowie 0 - Chattanooga 0 |
TOP OF THE 2ND |
Bowie Baysox batting - Pitching for Chattanooga Lookouts : RHP Brian Bright
|
Batting: RHB Kory Sanchez
|
0-0: Ball 1-0: Called Strike 1-1: Fly out, F4 (Line Drive, 4M, EV 69.4 MPH)
|
Batting: SHB Ben Pierce
|
0-0: Swinging Strike 0-1: Ball 1-1: Ball 2-1: Foul Ball, location: 2F 2-2: Ground out 1-3 (Groundball, 34S, EV 68.1 MPH)
|
Batting: LHB Matt Patnaude
|
0-0: Ball 1-0: Swinging Strike 1-1: Called Strike 1-2: Fly out, F9 (Flyball, 9, EV 88.1 MPH)
|
Top of the 2nd over - 0 runs, 0 hits, 0 errors, 0 left on base; Bowie 0 - Chattanooga 0 |
BOTTOM OF THE 2ND |
Chattanooga Lookouts batting - Pitching for Bowie Baysox : RHP Sam Wilson
|
Batting: RHB Michael McDonald
|
0-0: Called Strike 0-1: Swinging Strike 0-2: Strikes out swinging
|
Batting: RHB David Nardone
|
0-0: Ball 1-0: Ball 2-0: Ball 3-0: Base on Balls
|
Batting: RHB Jose Gracia
|
0-0: Ball David Nardone steals 2nd base 1-0: Ball 2-0: 2-RUN HOME RUN (Flyball, 78XD, EV 95.6 MPH), Distance : 381 ft
|
Batting: RHB Dave Berry
|
0-0: Ball 1-0: Called Strike 1-1: Ball 2-1: Ball 3-1: Called Strike 3-2: Base on Balls
|
Batting: RHB Miguel Gonzalez
|
0-0: Ball 1-0: Ball 2-0: Called Strike 2-1: Ball 3-1: Base on Balls Dave Berry to second
|
Batting: RHB Cyril Husson
|
0-0: Foul Ball, location: 2F 0-1: Foul Ball, location: 2F 0-2: Ball 1-2: Ball 2-2: Foul Ball, location: 2F 2-2: SINGLE (Groundball, 6MD, EV 97.5 MPH) Dave Berry to third Miguel Gonzalez to second
|
Batting: SHB Dan Morataya
|
0-0: Called Strike 0-1: GRAND SLAM HOME RUN (Flyball, 78XD, EV 98.1 MPH), Distance : 404 ft
|
Pitching: LHP Ace Ventura
|
|
Batting: SHB Ian Thompson
|
0-0: DOUBLE (Flyball, 8LXD, EV 104.4 MPH)
|
Batting: RHB Steve Raine
|
0-0: Fly out, F3 (Line Drive, 3, EV 71.2 MPH)
|
Batting: RHB Michael McDonald
|
0-0: Fly out, F8 (Flyball, 8RD, EV 96.2 MPH)
|
Bottom of the 2nd over - 6 runs, 4 hits, 0 errors, 1 left on base; Bowie 0 - Chattanooga 6 |
TOP OF THE 3RD |
Bowie Baysox batting - Pitching for Chattanooga Lookouts : RHP Brian Bright
|
Batting: RHB Travis Leonard
|
0-0: Ball 1-0: Ball 2-0: Ball 3-0: Base on Balls
|
Batting: RHB Ken Jenkins
|
0-0: Ball 1-0: Foul Ball, location: 2F 1-1: Called Strike 1-2: Reached on error, E4 (Groundball, 4, EV 91.2 MPH) Travis Leonard to second
|
Batting: LHB Tsutomu Miyahara
|
0-0: Called Strike 0-1: Ball 1-1: Fly out, F5 (Popup, 5F, EV 65.0 MPH)
|
Batting: LHB Ben Goldstein
|
0-0: Swinging Strike 0-1: Fielders Choice at 2nd, 5-4 (Groundball, 5, EV 86.2 MPH) Travis Leonard to third
|
Batting: RHB Muneer Maudad
|
0-0: Foul Ball, location: 2F 0-1: Hit by Pitch Ben Goldstein to second
|
Batting: LHB Jose Chinchilla
|
0-0: Foul Ball, location: 2F 0-1: Ball 1-1: Swinging Strike 1-2: Hit by Pitch Travis Leonard scores Ben Goldstein to third Muneer Maudad to second
|
Batting: RHB Kory Sanchez
|
0-0: SINGLE (Groundball, 34D, EV 103.1 MPH) Ben Goldstein scores Muneer Maudad to third Jose Chinchilla to second
|
Batting: SHB Ben Pierce
|
0-0: Ball 1-0: Called Strike 1-1: Fielders Choice at 2nd, 5-4 (Groundball, 5, EV 91.9 MPH)
|
Top of the 3rd over - 2 runs, 1 hit, 1 error, 3 left on base; Bowie 2 - Chattanooga 6 |
BOTTOM OF THE 3RD |
Chattanooga Lookouts batting - Pitching for Bowie Baysox : LHP Ace Ventura
|
Batting: RHB David Nardone
|
0-0: Ball 1-0: Foul Ball, location: 2F 1-1: Foul Ball, location: 2F 1-2: Foul Ball, location: 2F 1-2: SOLO HOME RUN (Flyball, 89XD, EV 103.8 MPH), Distance : 390 ft
|
Batting: RHB Jose Gracia
|
0-0: Called Strike 0-1: Swinging Strike 0-2: SINGLE (Line Drive, 4MD, EV 98.1 MPH)
|
Batting: RHB Dave Berry
|
0-0: Ball 1-0: Called Strike 1-1: Ball 2-1: Foul Ball, location: 2F 2-2: Strikes out swinging
|
Batting: RHB Miguel Gonzalez
|
0-0: Ball 1-0: SINGLE (Groundball, 6M, EV 104.4 MPH) Jose Gracia to second Runner from 2nd tries for 3rd, OUT after rundown.
|
Batting: RHB Cyril Husson
|
0-0: Ball 1-0: Swinging Strike 1-1: Ball 2-1: Called Strike 2-2: Strikes out swinging
|
Bottom of the 3rd over - 1 run, 3 hits, 0 errors, 1 left on base; Bowie 2 - Chattanooga 7 |
TOP OF THE 4TH |
Bowie Baysox batting - Pitching for Chattanooga Lookouts : RHP Brian Bright
|
Batting: LHB Matt Patnaude
|
0-0: Ball 1-0: Ball 2-0: Ball 3-0: Swinging Strike 3-1: Swinging Strike 3-2: Strikes out swinging
|
Batting: RHB Travis Leonard
|
0-0: Ball 1-0: DOUBLE (Line Drive, 78D, EV 111.9 MPH)
|
Batting: RHB Ken Jenkins
|
0-0: Called Strike 0-1: Ball Travis Leonard steals 3rd base (no throw) 1-1: Ball 2-1: Foul Ball, location: 2F 2-2: Foul Ball, location: 2F 2-2: Ball 3-2: Ground out 1-3 (Groundball, 34S, EV 66.9 MPH)
|
Batting: LHB Tsutomu Miyahara
|
0-0: Foul Ball, location: 2F 0-1: Ground out 4-3 (Groundball, 4S, EV 80.0 MPH)
|
Top of the 4th over - 0 runs, 1 hit, 0 errors, 1 left on base; Bowie 2 - Chattanooga 7 |
BOTTOM OF THE 4TH |
Chattanooga Lookouts batting - Pitching for Bowie Baysox : LHP Ace Ventura
|
Batting: SHB Dan Morataya
|
0-0: Ball 1-0: Called Strike 1-1: Called Strike 1-2: Ball 2-2: Ground out 6-3 (Groundball, 6, EV 101.9 MPH)
|
Batting: SHB Ian Thompson
|
0-0: Ball 1-0: Fly out, F8 (Flyball, 8RM, EV 83.8 MPH)
|
Batting: RHB Steve Raine
|
0-0: Foul Ball, location: 2F 0-1: Foul Ball, location: 2F 0-2: Ball 1-2: SINGLE (Groundball, 6MD, EV 100.6 MPH)
|
Batting: RHB Michael McDonald
|
0-0: Ball 1-0: Ball 2-0: Ball 3-0: Called Strike 3-1: Fielders Choice at 2nd, U4 (Groundball, 4M, EV 106.9 MPH)
|
Bottom of the 4th over - 0 runs, 1 hit, 0 errors, 1 left on base; Bowie 2 - Chattanooga 7 |
TOP OF THE 5TH |
Bowie Baysox batting - Pitching for Chattanooga Lookouts : RHP Brian Bright
|
Batting: LHB Ben Goldstein
|
0-0: Ball 1-0: SINGLE (Flyball, 8LS, EV 88.1 MPH)
|
Batting: RHB Muneer Maudad
|
0-0: Swinging Strike 0-1: Ball 1-1: Ball 2-1: Grounds into double play, 4-6-3 (Groundball, 4, EV 84.4 MPH)
|
Batting: LHB Jose Chinchilla
|
0-0: Ball 1-0: Ground out 4-3 (Groundball, 4, EV 105.0 MPH)
|
Top of the 5th over - 0 runs, 1 hit, 0 errors, 0 left on base; Bowie 2 - Chattanooga 7 |
BOTTOM OF THE 5TH |
Chattanooga Lookouts batting - Pitching for Bowie Baysox : LHP Ace Ventura
|
Batting: RHB David Nardone
|
0-0: Ball 1-0: Ball 2-0: Foul Ball, location: 2F 2-1: Foul Ball, location: 2F 2-2: TRIPLE (Flyball, 78XD, EV 110.6 MPH)
|
Batting: RHB Jose Gracia
|
0-0: Called Strike 0-1: Swinging Strike 0-2: Ball 1-2: Ball 2-2: Strikes out swinging
|
Batting: RHB Dave Berry
|
0-0: SINGLE (Groundball, 13, EV 77.5 MPH) (infield hit) David Nardone scores
|
Batting: RHB Miguel Gonzalez
|
0-0: Ball 1-0: Ball 2-0: Called Strike 2-1: Ball 3-1: DOUBLE (Flyball, 89D, EV 107.5 MPH) Dave Berry to third
|
Pitching: RHP Toshiyuki Funaki
|
|
Batting: RHB Cyril Husson
|
0-0: SINGLE (Groundball, 6D, EV 95.6 MPH) Dave Berry scores Miguel Gonzalez to third
|
Batting: SHB Dan Morataya
|
0-0: Ball Passed Ball! Miguel Gonzalez scores Cyril Husson to second 1-0: Foul Ball, location: 2F 1-1: Foul Ball, location: 2F 1-2: Ball 2-2: Ball 3-2: Base on Balls
|
Batting: SHB Ian Thompson
|
0-0: Called Strike 0-1: Ball 1-1: Foul Ball, location: 2F 1-2: Foul Ball, location: 2F 1-2: Ball 2-2: Ball 3-2: Foul Ball, location: 2F 3-2: Fielders Choice at 2nd, 1-4 (Groundball, 25, EV 65.6 MPH) Cyril Husson to third
|
Batting: RHB Steve Raine
|
0-0: Ball 1-0: Ball 2-0: Ball 3-0: Called Strike 3-1: Base on Balls Ian Thompson to second
|
Batting: RHB Michael McDonald
|
0-0: Called Strike 0-1: Foul Ball, location: 2F 0-2: Ball 1-2: Ball 2-2: Foul Ball, location: 2F 2-2: Foul Ball, location: 2F 2-2: Ball 3-2: Strikes out looking
|
Bottom of the 5th over - 3 runs, 4 hits, 0 errors, 3 left on base; Bowie 2 - Chattanooga 10 |
TOP OF THE 6TH |
Bowie Baysox batting - Pitching for Chattanooga Lookouts : RHP Brian Bright
|
Batting: RHB Kory Sanchez
|
0-0: Called Strike 0-1: Called Strike 0-2: Foul Ball, location: 2F 0-2: SINGLE (Groundball, 56D, EV 100.6 MPH)
|
Batting: SHB Ben Pierce
|
0-0: Ball 1-0: Ball 2-0: Grounds into double play, 5-4-3 (Groundball, 56, EV 98.8 MPH)
|
Batting: LHB Matt Patnaude
|
0-0: Foul Ball, location: 2F 0-1: Ball 1-1: Ball 2-1: SINGLE (Groundball, 56D, EV 97.5 MPH)
|
Batting: RHB Travis Leonard
|
0-0: Ball 1-0: Ball 2-0: Foul Ball, location: 2F 2-1: Ball 3-1: DOUBLE (Line Drive, 9LS, EV 108.1 MPH) Matt Patnaude to third Runner from 3rd tries for Home, SAFE, no throw by RF
|
Batting: RHB Ken Jenkins
|
0-0: Called Strike 0-1: Ball 1-1: Swinging Strike 1-2: Ball 2-2: Strikes out swinging
|
Top of the 6th over - 1 run, 3 hits, 0 errors, 1 left on base; Bowie 3 - Chattanooga 10 |
BOTTOM OF THE 6TH |
Chattanooga Lookouts batting - Pitching for Bowie Baysox : RHP Toshiyuki Funaki
|
Batting: RHB David Nardone
|
0-0: Called Strike 0-1: Swinging Strike 0-2: Ball 1-2: Ball 2-2: Ball 3-2: Fly out, F7 (Line Drive, 7S, EV 91.2 MPH)
|
Batting: RHB Jose Gracia
|
0-0: Ball 1-0: Fly out, F8 (Flyball, 8RD, EV 98.8 MPH)
|
Batting: RHB Dave Berry
|
0-0: Called Strike 0-1: Foul Ball, location: 2F 0-2: Foul Ball, location: 2F 0-2: SINGLE (Groundball, 56S, EV 69.4 MPH) (infield hit)
|
Batting: RHB Miguel Gonzalez
|
0-0: Foul Ball, location: 2F 0-1: Foul Ball, location: 2F 0-2: Foul Ball, location: 2F 0-2: Strikes out swinging
|
Bottom of the 6th over - 0 runs, 1 hit, 0 errors, 1 left on base; Bowie 3 - Chattanooga 10 |
TOP OF THE 7TH |
Bowie Baysox batting - Pitching for Chattanooga Lookouts : RHP Brian Bright
|
Batting: LHB Tsutomu Miyahara
|
0-0: Ball 1-0: Called Strike 1-1: Swinging Strike 1-2: Strikes out swinging
|
Batting: LHB Ben Goldstein
|
0-0: Ball 1-0: Ball 2-0: Foul Ball, location: 2F 2-1: Foul Ball, location: 2F 2-2: Ball 3-2: SINGLE (Line Drive, 8LS, EV 96.9 MPH)
|
Pitching: RHP Matthew Lange
|
|
Pinch Hitting: RHB Justin Usner
|
0-0: Called Strike 0-1: Swinging Strike 0-2: Ball 1-2: Strikes out looking
|
Batting: LHB Jose Chinchilla
|
0-0: Called Strike 0-1: Foul Ball, location: 2F 0-2: Strikes out swinging
|
Top of the 7th over - 0 runs, 1 hit, 0 errors, 1 left on base; Bowie 3 - Chattanooga 10 |
BOTTOM OF THE 7TH |
Chattanooga Lookouts batting - Pitching for Bowie Baysox : RHP Toshiyuki Funaki
|
Now in LF: Justin Usner
|
|
Pinch Hitting: RHB Jorge Corte
|
0-0: Ball 1-0: Ball 2-0: SINGLE (Line Drive, 4D, EV 101.9 MPH)
|
Pitching: RHP Chris Anderson
|
|
Batting: SHB Dan Morataya
|
0-0: Ball 1-0: Ball 2-0: DOUBLE (Flyball, 89D, EV 107.5 MPH) Jorge Corte to third
|
Batting: SHB Ian Thompson
|
0-0: Ball 1-0: Swinging Strike 1-1: Foul Ball, location: 2F 1-2: Strikes out swinging
|
Batting: RHB Steve Raine
|
0-0: Ball 1-0: Ball 2-0: Ball 3-0: Called Strike 3-1: Foul Ball, location: 2F 3-2: Strikes out looking
|
Batting: RHB Michael McDonald
|
0-0: Foul Ball, location: 2F 0-1: Called Strike 0-2: Ball 1-2: Ball 2-2: Ball 3-2: Strikes out swinging
|
Bottom of the 7th over - 0 runs, 2 hits, 0 errors, 2 left on base; Bowie 3 - Chattanooga 10 |
TOP OF THE 8TH |
Bowie Baysox batting - Pitching for Chattanooga Lookouts : RHP Matthew Lange
|
Now at 2B: Miguel Gonzalez
|
|
Now at 3B: Jorge Corte
|
|
Batting: RHB Kory Sanchez
|
0-0: Ball 1-0: Ball 2-0: Ball 3-0: Called Strike 3-1: Foul Ball, location: 2F 3-2: Foul Ball, location: 2F 3-2: Base on Balls
|
Pinch Hitting: SHB Hugo Moreno
|
0-0: Foul Ball, location: 2F 0-1: Called Strike 0-2: Foul Ball, location: 2F 0-2: Foul Ball, location: 2F 0-2: Ball 1-2: Strikes out swinging
|
Batting: LHB Matt Patnaude
|
0-0: Called Strike 0-1: Grounds into double play, 3-6-1 (Groundball, 3, EV 83.1 MPH)
|
Top of the 8th over - 0 runs, 0 hits, 0 errors, 0 left on base; Bowie 3 - Chattanooga 10 |
BOTTOM OF THE 8TH |
Chattanooga Lookouts batting - Pitching for Bowie Baysox : RHP Chris Anderson
|
Now at 1B: Hugo Moreno
|
|
Batting: RHB David Nardone
|
0-0: Called Strike 0-1: Ground out 4-3 (Groundball, 4, EV 109.4 MPH)
|
Batting: RHB Jose Gracia
|
0-0: Called Strike 0-1: Called Strike 0-2: Ball 1-2: Foul Ball, location: 2F 1-2: Strikes out swinging
|
Batting: RHB Dave Berry
|
0-0: Swinging Strike 0-1: Ball 1-1: Called Strike 1-2: Ball 2-2: Ball 3-2: Strikes out swinging
|
Bottom of the 8th over - 0 runs, 0 hits, 0 errors, 0 left on base; Bowie 3 - Chattanooga 10 |
TOP OF THE 9TH |
Bowie Baysox batting - Pitching for Chattanooga Lookouts : RHP Matthew Lange
|
Batting: RHB Travis Leonard
|
0-0: Ball 1-0: SINGLE (Groundball, 25, EV 68.8 MPH) (infield hit)
|
Batting: RHB Ken Jenkins
|
0-0: Called Strike 0-1: Ball 1-1: Foul Ball, location: 2F 1-2: Ball 2-2: Strikes out swinging
|
Batting: LHB Tsutomu Miyahara
|
0-0: Foul Ball, location: 2F 0-1: Ball 1-1: Swinging Strike 1-2: SINGLE (Line Drive, 78S, EV 107.5 MPH) Travis Leonard to second
|
Batting: LHB Ben Goldstein
|
0-0: Called Strike 0-1: Called Strike 0-2: Strikes out looking
|
Pinch Hitting: LHB Raul Rojas
|
0-0: Ball 1-0: Ground out 1-3 (Groundball, 15, EV 61.2 MPH)
|
Top of the 9th over - 0 runs, 2 hits, 0 errors, 2 left on base; Bowie 3 - Chattanooga 10 |
|